 Dungeon Crawl Stone Soup version 0.29.1-15-g9cfb28693d (webtiles) character file.

Game seed: 605907421291221702

209 Andrakon the Trooper (level 5, -5/48 HPs)
             Began as a Minotaur Fighter on Apr 3, 2023.
             Slain by Duvessa
             ... wielding a +0 short sword
              (15 damage)
             ... on level 4 of the Dungeon.
             The game lasted 00:07:30 (2223 turns).

Andrakon the Trooper (Minotaur Fighter)             Turns: 2223, Time: 00:07:31

Health: -5/48      AC: 13    Str: 23    XL:     5   Next: 55%
Magic:  4/4        EV:  6    Int:  5    God:
Gold:   294        SH:  4    Dex:  9    Spells: 4/4 levels left

rFire   . . .      SeeInvis .   a - +0 war axe
rCold   . . .      Faith    .   c - +0 buckler
rNeg    + . .      Spirit   .   b - +1 plate armour of Ydeunaos {rElec rN+ rCorr}
rPois   .          Reflect  .   (helmet restricted)
rElec   +          Harm     .   i - scarf {repulsion}
rCorr   +          Rampage  .   (no gloves)
Will    .....                   (no boots)
Stlth   ..........              o - amulet of the acrobat
HPRegen 0.16/turn               (no ring)
MPRegen 0.09/turn               (no ring)

@: mighty, repel missiles
A: horns 2, retaliatory headbutt
a: no special abilities


You were on level 4 of the Dungeon.
You visited 1 branch of the dungeon, and saw 4 of its levels.

You collected 294 gold pieces.

Inventory:

Hand Weapons
 a - a +0 war axe (weapon)
 r - a +0 war axe
Missiles
 f - 16 poisoned darts (quivered)
Armour
 b - the +1 plate armour of Ydeunaos (worn) {rElec rN+ rCorr}
   (You found it on level 3 of the Dungeon)

   rElec:     It insulates you from electricity.
   rN:        It protects you from negative energy.
   rCorr:     It protects you from acid and corrosion.
 c - a +0 buckler (worn)
 i - a scarf of repulsion (worn)
Jewellery
 o - an amulet of the acrobat (around neck)
Wands
 q - a wand of mindburst (9)
Scrolls
 g - 2 scrolls of identify {unknown}
 j - a scroll of magic mapping {unknown}
 k - a scroll of silence {unknown}
 l - 4 scrolls of teleportation {unknown}
 m - 2 scrolls of butterflies {unknown}
Potions
 e - a potion of lignification {unknown}
 h - 3 potions of heal wounds {unknown}
 n - 3 potions of degeneration {unknown}
 p - 2 potions of curing {unknown}
 t - a potion of berserk rage {unknown}
 u - a potion of resistance {unknown}


   Skills:
 + Level 5.2 Fighting
 + Level 4.3 Axes
 + Level 5.1 Armour
 - Level 4.1 Shields


You had 4 spell levels left.
You didn't know any spells.
Your spell library contained the following spells:

 Spells                   Type           Power      Damage    Failure   Level
 Slow                     Hex            0%         N/A       100%        1
 Confusing Touch          Hex            0%         N/A       100%        3
 Vampiric Draining        Necr           0%         2d6       100%        3


Dungeon Overview and Level Annotations

Branches:
Dungeon (4/15)
 Temple: D:4-7

Altars:
Okawaru

Annotations:
D:4 Duvessa


Innate Abilities, Weirdness & Mutations

You have a pair of horns on your head.
You reflexively headbutt those who attack you in melee.


Message History

Dowan is nearby!
Duvessa, Sister of Dowan comes into view.
She is wielding a +0 short sword and wearing a +2 chain mail of fire resistance.
You barely miss Dowan.
Duvessa shouts!
A hobgoblin comes into view.
Dowan smirks and points a slender finger.
Dowan casts a spell at Duvessa.
Duvessa seems to speed up.
You barely miss Dowan. Your headbutt misses Dowan. Dowan barely misses you.
You closely miss Dowan. Dowan hits you but does no damage. x2
You slash Dowan! Your headbutt misses Dowan.
Dowan is moderately wounded.
You completely miss Duvessa. You block Duvessa's attack.
You completely miss Duvessa. Duvessa hits you with a +0 short sword.
Duvessa hits you but does no damage.
Dowan points at you and mumbles some strange words.
The puff of flame hits you!
You feel very mighty all of a sudden. Duvessa hits you but does no damage.
Dowan closely misses you. Duvessa hits you with a +0 short sword.
You closely miss Duvessa. You slash the hobgoblin!
You kill the hobgoblin!
You slash Dowan! Duvessa hits you but does no damage.
Dowan hits you but does no damage. Duvessa hits you but does no damage.
You completely miss Duvessa. You slash Dowan!
You kill Dowan!
Duvessa screams in rage.
Duvessa goes berserk!
Duvessa hits you with a +0 short sword. Duvessa hits you but does no damage.
Your Armour skill increases to level 5!
You slash Duvessa!
Duvessa is lightly wounded.
Duvessa hits you with a +0 short sword! x2
* * * LOW HITPOINT WARNING * * *
You hit Duvessa.
Duvessa is lightly wounded.
Duvessa hits you with a +0 short sword.
* * * LOW HITPOINT WARNING * * *
Duvessa hits you with a +0 short sword!
You die...

.## # <.##.
#...## .
##....##
##.##......
#........#
#....<.#
##...e@#
#....)#
#..##...
#.# #.##.
#.. #.# #.
... ..# #.
#. ... .#
... #


You could see Duvessa (berserk, fast).

Vanquished Creatures
  Dowan (D:4)
  An orc priest (D:3)
  Jessica (D:2)
  An adder (D:3)
  2 worms (D:3)
  3 dart slugs
  6 orcs (D:3)
  4 ball pythons
  9 endoplasms
  3 giant cockroaches
  8 goblins
  7 hobgoblins
  5 quokkas
  5 bats
  2 frilled lizards (D:2)
  9 kobolds
  3 rats
70 creatures vanquished.

Notes
Turn   | Place    | Note
-------+----------+-------------------------------------------
     0 | D:1      | Andrakon the Minotaur Fighter began the quest for the Orb.
     0 | D:1      | Reached XP level 1. HP: 19/19 MP: 0/0
   114 | D:1      | Reached XP level 2. HP: 27/27 MP: 1/1
   203 | D:1      | Found a faded altar of an unknown god.
   844 | D:2      | Reached XP level 3. HP: 33/33 MP: 2/2
   917 | D:2      | Noticed Jessica
   922 | D:2      | Killed Jessica
  1050 | D:2      | Reached XP level 4. HP: 39/41 MP: 3/3
  1712 | D:3      | Found an iron altar of Okawaru.
  1884 | D:3      | Reached XP level 5. HP: 46/47 MP: 4/4
  1965 | D:3      | Reached skill level 5 in Fighting
  2025 | D:3      | Identified the +1 plate armour of Ydeunaos {rElec rN+
                  | rCorr}
  2211 | D:4      | Noticed Dowan
  2212 | D:4      | Noticed Duvessa
  2221 | D:4      | Killed Dowan
  2222 | D:4      | Reached skill level 5 in Armour
  2223 | D:4      | Slain by Duvessa

Illustrated notes

Levels and vault maps discovered:
D:1:      minmay_arrival_wavy_path, layout_basic,
          hellmonk_ecumenical_altar_arch_garden, minmay_misc_feat_more_columns
D:2:      layout_basic, minmay_fractal_squares_gapless_5, uniq_jessica
D:3:      layout_rooms, mainiacjoe_overflow_catwalk
D:4:      layout_layer_cave, nicolae_wu_jian_glorious_leap,
          minmay_manual_monstrance, uniq_duvessa

Skill      XL: |  1  2  3  4  5 |
---------------+----------------+-----
Armour         | 4 5 |  5.1
Shields        | 4 |  4.1
Fighting       | 4 5 |  5.2
Axes           | 3 4 |  4.3

Action                   |  1- 3 |  4- 6 || total
-------------------------+-------+-------++-------
Melee: War axe           |    60 |    84 ||   144
       Headbutt          |     5 |    11 ||    16
  Use: Potion            |       |     1 ||     1
 Stab: Distracted        |     1 |       ||     1
Armor: Scale mail        |    24 |    36 ||    60
       Plate armour      |       |     8 ||     8
       Chain mail        |       |     4 ||     4
Dodge: Dodged            |    22 |    35 ||    57
Block: Buckler           |    15 |    21 ||    36
